 Dungeon Crawl Stone Soup version 0.30-a0-451-ge042605de7 (webtiles) character file.

Game seed: 5671255553403248677

1346 arthad the Digger (level 8, 0/45 HPs)
             Began as a Gargoyle Earth Elementalist on Dec 12, 2022.
             Was an Initiate of Gozag.
             Slain by an adder (3 damage)
             ... on level 6 of the Dungeon.
             The game lasted 00:16:26 (5697 turns).

arthad the Digger (Gargoyle Earth Elementalist)     Turns: 5697, Time: 00:16:26

Health: 0/45       AC: 16    Str: 13    XL:     8   Next: 62%
Magic:  7/14       EV: 12    Int: 17    God:    Gozag
Gold:   451        SH:  0    Dex: 10    Spells: 9/16 levels left

rFire   . . .      SeeInvis .    b - +1 glaive (flame)
rCold   . . .      Faith    .    (shield currently unavailable)
rNeg    + + .      Spirit   .    B - +0 steam dragon scales
rPois   ∞          Reflect  .    (no helmet)
rElec   +          Harm     .    (no cloak)
rCorr   .          Rampage  .    m - +1 pair of gloves
Will    .....                    v - +2 pair of boots
Stlth   ++........               (no amulet)
HPRegen 0.27/turn                z - ring of positive energy
MPRegen 0.14/turn                (no ring)

@: gold aura, attractive
A: sickness immunity, AC +5, negative energy resistance 1, electricity
resistance, torment resistance 1, petrification resistance
a: Renounce Religion, Potion Petition, Call Merchant, Bribe Branch


You were on level 6 of the Dungeon.
You worshipped Gozag.
Gozag was aware of your devotion.
You visited 2 branches of the dungeon, and saw 7 of its levels.

You collected 510 gold pieces.
You paid 59 gold pieces to Gozag.

Inventory:

Hand Weapons
 b - a +1 glaive of flaming (weapon)
 h - a +0 short sword of speed
 A - the +5 sling of the Ageless Servitors {speed, Dex+7}
   (You took it off an orc on level 5 of the Dungeon)

   Attacks with this weapon are significantly faster.
   Dex:       It affects your dexterity (+7).
Missiles
 j - 10 javelins
 w - 3 poisoned darts
Armour
 a - a +0 robe
 m - a +1 pair of gloves (worn)
 v - a +2 pair of boots (worn)
 B - +0 steam dragon scales (worn)
Jewellery
 z - a ring of positive energy (left hand)
Scrolls
 e - 4 scrolls of identify {unknown}
 f - a scroll of teleportation {unknown}
 k - 2 scrolls of vulnerability {unknown}
 l - a scroll of magic mapping {unknown}
 n - a scroll of fear {unknown}
 o - 2 scrolls of torment {unknown}
 p - a scroll of amnesia {unknown}
 r - a scroll of enchant weapon {unknown}
 t - a scroll of poison {unknown}
 x - a scroll of fog {unknown}
 y - a scroll of acquirement {unknown}
 C - a scroll of brand weapon {unknown}
Potions
 c - 2 potions of berserk rage {unknown}
 d - 2 potions of lignification {unknown}
 g - 3 potions of brilliance
 i - 4 potions of attraction
 q - 2 potions of curing {unknown}
 s - 2 potions of invisibility {unknown}
 u - 3 potions of might {unknown}


   Skills:
 + Level 2.9 Fighting
 + Level 3.3 Armour
 + Level 2.9 Dodging
 + Level 4.1 Stealth
 * Level 4.5 Spellcasting
 * Level 4.3 Conjurations
 + Level 2.4 Transmutations
 * Level 6.3 Earth Magic


You had 9 spell levels left.
You knew the following spells:

 Your Spells              Type           Power      Damage    Failure   Level
a - Sandblast             Erth           50%        2d12      1%          1
b - Passwall              Tmut/Erth      15%        N/A       3%          2
c - Stone Arrow           Conj/Erth      44%        3d9       4%          3
d - Magic Dart            Conj           72%        1d6       2%          1

Your spell library contained the following spells:

 Spells                   Type           Power      Damage    Failure   Level
 Searing Ray              Conj           36%        2d5       3%          2
 Petrify                  Tmut/Erth      18%        N/A       24%         4
 Portal Projectile        Hex/Tloc       6%         N/A       41%         3
 Tukima's Dance           Hex            3%         N/A       41%         3
 Fulminant Prism          Conj/Hex       5%         3d7       52%         4
 Blade Hands              Tmut           6%         N/A       83%         5


Dungeon Overview and Level Annotations

Branches:
Dungeon (6/15)             Temple (1/1) D:4

Altars:
Ashenzari
Cheibriados
Dithmenos
Elyvilon
Fedhas
Gozag
Hepliaklqana
Kikubaaqudgha
Makhleb
Nemelex Xobeh
Okawaru
Qazlal
Ru
Sif Muna
Trog
Uskayaw
Vehumet
Wu Jian
Xom
Yredelemnul
Zin
The Shining One

Shops:
D:2 :

Annotations:
D:3 2 transporters, McMuffin's ghost, amateur DsFi


Innate Abilities, Weirdness & Mutations

You are immune to sickness and miasma.
Your stone body is resilient. (AC +5)
You are immune to poison.
You resist negative energy. (rN+)
You are resistant to electric shocks. (rElec)
You are resistant to unholy torment.
You are immune to petrification.


Message History

Casting: Sandblast (safe; 1% risk of failure)
Confirm with . or Enter, or press ? or * to list all spells.
Aiming: Stone Arrow (dangerous; 5% risk of failure)
Press: ? - help, Shift-Dir - straight line, f/p - ice beast
Aim: an ice beast (severely wounded, 71% to hit)
The stone arrow hits the ice beast.
The ice beast is almost dead.
The adder hisses angrily.
The ice beast hits you but does no damage.
Aiming: Sandblast (safe; 1% risk of failure)
Press: ? - help, Q - select action, (/) - cycle Shift-Dir - straight line, f/p - ice beast
Aim: an ice beast (almost dead, 83% to hit)
The blast of sand misses the ice beast.
The ice beast closely misses you.
Unknown command.
Aiming: Sandblast (safe; 1% risk of failure)
Press: ? - help, Q - select action, (/) - cycle Shift-Dir - straight line, f/p - ice beast
Aim: an ice beast (almost dead, 83% to hit)
The blast of sand misses the ice beast.
The ice beast hits you. The ice beast freezes you!
* * * LOW HITPOINT WARNING * * *
The ice beast hits you but does no damage.
Aiming: Sandblast (safe; 1% risk of failure)
Press: ? - help, Q - select action, (/) - cycle Shift-Dir - straight line, f/p - ice beast
Aim: an ice beast (almost dead, 83% to hit)
The blast of sand hits the ice beast!
You kill the ice beast!
The hound bites you but does no damage. The adder bites you.
* * * LOW HITPOINT WARNING * * *
Unknown command.
The adder bites you but does no damage. The hound closely misses you.
The adder attacks as you move away!
The adder bites you but does no damage. x2
The adder attacks as you move away! The adder bites you but does no damage.
The hound bites you.
* * * LOW HITPOINT WARNING * * *
It was a potion of attraction.
You feel attractive to monsters. The hound bites you but does no damage.
The adder bites you.
You die...
Your body crumbles into a pile of gold.

####...#.#####
#.###.....# #.#
#####.# #.# #.# #.#
#.# #.# #.# #
#.#######.#### #
#............# #
#@.####.####.# #
##hS##.....##.#####
#...#.......#.##...
#...#...[...#......
#......._..........
#.#$#.......#.#.#..
#...#.......#...#..
###.##.....##...#..
.####.####...#..


You could see a hound and an adder.

Vanquished Creatures
  Maggie (D:6)
  An orc warrior (D:6)
  A black bear (D:5)
  An ice beast (D:6)
  A phantom (D:4)
  A necrophage (D:5)
  2 scorpions
  A jelly (D:6)
  2 hounds
  4 iguanas
  3 orc wizards
  7 adders
  7 gnolls
  3 white imps
  An ufetubus (D:4)
  2 worms
  2 dart slugs (D:1)
  8 orcs
  9 bats
  5 endoplasms
  2 giant cockroaches
  10 goblins
  11 hobgoblins
  11 jackals
  4 quokkas
  8 ball pythons
  3 frilled lizards (D:1)
  8 kobolds
  2 rats
121 creatures vanquished.

Notes
Turn   | Place    | Note
-------+----------+-------------------------------------------
     0 | D:1      | arthad the Gargoyle Earth Elementalist began the quest for
                  | the Orb.
     0 | D:1      | Reached XP level 1. HP: 10/10 MP: 3/3
   143 | D:1      | Reached XP level 2. HP: 15/15 MP: 1/5
   625 | D:1      | Reached skill level 1 in Transmutations
   625 | D:1      | Reached skill level 4 in Earth Magic
   640 | D:1      | Reached XP level 3. HP: 20/20 MP: 4/6
   761 | D:1      | Learned a level 2 spell: Passwall
   765 | D:1      | Learned a level 3 spell: Stone Arrow
  1178 | D:2      | Reached skill level 1 in Armour
  1219 | D:2      | Reached XP level 4. HP: 24/24 MP: 3/7
  1674 | D:2      | Found Atigiq's Book Boutique.
  1737 | D:2      | Reached skill level 1 in Conjurations
  1964 | D:2      | You fall into a shaft and drop 1 floor!
  2779 | D:3      | Reached skill level 1 in Fighting
  2779 | D:3      | Reached XP level 5. HP: 27/29 MP: 5/9
  3046 | D:3      | Found a transporter.
  3046 | D:3      | Noticed McMuffin's ghost (amateur DsFi)
  3047 | D:3      | Found a transporter.
  3154 | D:4      | Noticed a phantom
  3157 | D:4      | Killed a phantom
  3158 | D:4      | Reached XP level 6. HP: 34/34 MP: 3/10
  3461 | D:4      | Found a staircase to the Ecumenical Temple.
  3683 | Temple   | Entered the Ecumenical Temple
  3899 | Temple   | Became a worshipper of Gozag Ym Sagoz the Greedy
  4125 | D:5      | Entered Level 5 of the Dungeon
  4335 | D:5      | Noticed a black bear
  4345 | D:5      | Killed a black bear
  4346 | D:5      | Reached skill level 5 in Earth Magic
  4346 | D:5      | Reached XP level 7. HP: 30/39 MP: 0/12
  4519 | D:5      | Learned a level 1 spell: Magic Dart
  4647 | D:5      | Identified the +5 sling of the Ageless Servitors {speed,
                  | Dex+7}
  5222 | D:6      | Found a sparkling altar of Nemelex Xobeh.
  5257 | D:6      | Noticed Maggie
  5267 | D:6      | Killed Maggie
  5268 | D:6      | Reached skill level 6 in Earth Magic
  5268 | D:6      | Reached XP level 8. HP: 18/45 MP: 9/14
  5584 | D:6      | Found a broken altar of Ashenzari.
  5696 | D:6      | HP: 2/45 [hound (2)]
  5697 | D:6      | Slain by an adder

Illustrated notes

Levels and vault maps discovered:
D:1:      matt_arrival_diagonals, layout_basic
D:2:      layout_loops_corners, serial_shops, shop, grunt_ministairs_5
D:3:      layout_rooms, gammafunk_ghost_mausoleum, minmay_goblin_outpost
D:4:      layout_basic, minmay_temple_entry_tees
D:5:      layout_basic, minmay_hedge_maze, hangedman_abyss_or_decor_lesser_grid
D:6:      layout_loops_ring, mainiacjoe_overflow_concentric_impassable,
          old_standard_altar, uniq_maggie
Temple:   nicolae_temple_bog_church

Skill      XL: |  1  2  3  4  5  6  7  8 |
---------------+-------------------------+-----
Transmutations | 1 2 |  2.4
Earth Magic    | 4 5 6 |  6.3
Armour         | 1 2 3 |  3.3
Conjurations   | 1 2 4 |  4.3
Dodging        | 2 |  2.9
Fighting       | 1 2 |  2.9
Spellcasting   | 3 4 |  4.5
Stealth        | 3 4 |  4.1

Action                   |  1- 3 |  4- 6 |  7- 9 || total
-------------------------+-------+-------+-------++-------
Melee: Unarmed           |    13 |     7 |       ||    20
       Short sword       |       |     2 |    25 ||    27
       Glaive            |       |       |     3 ||     3
 Cast: Sandblast         |    43 |   114 |    45 ||   202
       Stone Arrow       |       |     7 |    15 ||    22
  Use: Potion            |       |       |     3 ||     3
Armor: Robe              |    17 |    34 |    21 ||    72
       Steam dragon scal |       |       |    14 ||    14
Dodge: Dodged            |    19 |    49 |    17 ||    85

Table legend: (Time is in decaauts)
 A = Elapsed time spent in this place.
 B = Non-inter-level travel time spent in this place.
 C = Inter-level travel time spent in this place.
 D = Time resting spent in this place.
 E = Time spent auto-exploring this place.
 F = Levels seen in this place.
 G = Mean time per level.
                   A        B        C        D        E       F      G
               +--------+--------+--------+--------+--------+-----+--------+
         Total |   5802 |   5618 |    184 |    653 |   4049 |   7 |  828.9 |
       Dungeon |   5556 |   5432 |    124 |    653 |   3878 |   6 |  926.0 |
        Temple |    246 |    186 |     60 |      0 |    171 |   1 |  246.0 |
               +--------+--------+--------+--------+--------+-----+--------+

Top non-repeatable levels by time:
     D:2: 1197 daAuts
     D:1: 1162 daAuts
     D:5: 994 daAuts
     D:3: 847 daAuts
     D:4: 841 daAuts
     D:6: 512 daAuts
  Temple: 246 daAuts
